 Dungeon Crawl Stone Soup version 0.21.1-1-g345015f (webtiles) character file.

92 Inarius the Ruffian (level 4, -10/37 HPs)
             Began as a Ghoul Gladiator on Feb 27, 2018.
             Mangled by Crazy Yiuf
             ... wielding a +2 quarterstaff of chaos
              (14 damage)
             ... on level 2 of the Dungeon.
             The game lasted 00:03:25 (980 turns).

Inarius the Ruffian (Ghoul Gladiator)                Turns: 980, Time: 00:03:25

Health: -10/37     AC:  4    Str: 17    XL:     4   Next: 60%
Magic:  3/3        EV: 11    Int:  4    God:
Gold:   98         SH:  3    Dex: 10    Spells: 3/3 levels left

rFire    . . .     SeeInvis .     - Unarmed
rCold    + . .     Gourm    .   p - +0 buckler
rNeg     + + +     Faith    .   a - +0 leather armour
rPois    ∞         Spirit   .   b - +0 helmet
rElec    .         Reflect  .   (no cloak)
rCorr    .         Harm     .   (no gloves)
MR       .....                  (no boots)
Stlth    +.........             (no amulet)
HPRegen  0.00/turn              (no ring)
MPRegen  0.08/turn              (no ring)

@: rotting, hasted, very quick
A: rotting body, claws 1, carnivore, cold resistance 1, negative energy
resistance 3, inhibited regeneration, torment resistance, unbreathing
a: no special abilities


You were on level 2 of the Dungeon.
You were not hungry.

You visited 1 branch of the dungeon, and saw 2 of its levels.

You collected 98 gold pieces.

Inventory:

Missiles
 c - 3 throwing nets (quivered)
Armour
 a - a +0 leather armour (worn)
 b - a +0 helmet (worn)
 p - a +0 buckler (worn)
Scrolls
 e - a scroll of magic mapping {unknown}
 i - a scroll of random uselessness {unknown}
 j - a scroll of blinking {unknown}
 m - a scroll of remove curse {unknown}
Potions
 l - a potion of agility {unknown}
 n - a potion of cancellation {unknown}
 o - 2 potions of might {unknown}
Comestibles
 d - 3 rations
 k - 9 chunks of flesh


   Skills:
 + Level 2.4 Fighting
 - Level 1.7 Throwing
 + Level 1.1 Armour
 + Level 3.3 Dodging
 + Level 0.4 Stealth
 + Level 4.5 Unarmed Combat


You had 3 spell levels left.
You didn't know any spells.

Dungeon Overview and Level Annotations

Branches:
Dungeon (2/15)

Altars:
Trog
Wu Jian

Annotations:
D:2 Crazy Yiuf


Innate Abilities, Weirdness & Mutations

Your body is rotting away.
You thrive on raw meat.
You are immune to poison.
You have sharp fingernails.
You are carnivorous and can eat meat at any time.
Your flesh is cold resistant. (rC+)
You are immune to negative energy. (rN+++)
You do not regenerate when monsters are visible.
You are immune to unholy pain and torment.
You can survive without breathing.


Message History

Found a mace.
You feel yourself speed up.
Crazy Yiuf waves his quarterstaff at you.
You barely miss Crazy Yiuf. You scratch Crazy Yiuf.
Crazy Yiuf is lightly wounded.
Crazy Yiuf hits you with a quarterstaff of chaos!
You are electrocuted!
You scratch Crazy Yiuf.
Crazy Yiuf is moderately wounded.
Crazy Yiuf barely misses you.
Some of the chunks of flesh in your inventory have rotted away.
You scratch Crazy Yiuf but do no damage.
Crazy Yiuf is moderately wounded.
You closely miss Crazy Yiuf.
Crazy Yiuf is moderately wounded.
Crazy Yiuf hits you with a quarterstaff of chaos!
* * * LOW HITPOINT WARNING * * *
You are electrocuted!
You die...

.. #.# ###### ..#
.....##># ## #....# ##
#...###♣♣♣♣♣
####.....+..♣.♣♣♣ ###
_..'.#.......♣..♣#...#
.###........♣♣♣♣@g...#
.# #.....+♣♣♣ ♣♣#..)#
'###..#### ###
.......# ###.##..
.##.###.# ......###
##.##..# #.###.##


You could see Crazy Yiuf.

Vanquished Creatures
  3 adders
  An ooze (D:1)
  5 worms
  3 leopard geckos (D:1)
  2 ball pythons (D:1)
  3 giant cockroaches (D:1)
  6 goblins
  7 hobgoblins (D:1)
  A quokka (D:2)
  2 bats
  3 frilled lizards
  5 kobolds
  5 rats
46 creatures vanquished.

Vanquished Creatures (others)
  A kobold (D:2)
1 creature vanquished.

Grand Total: 47 creatures vanquished

Notes
Turn   | Place    | Note
-------+----------+-------------------------------------------
     0 | D:1      | Inarius the Ghoul Gladiator began the quest for the Orb.
     0 | D:1      | Reached XP level 1. HP: 17/17 MP: 0/0
    37 | D:1      | Reached XP level 2. HP: 18/24 MP: 1/1
   245 | D:1      | Reached XP level 3. HP: 25/30 MP: 2/2
   390 | D:1      | Reached skill level 4 in Unarmed Combat
   620 | D:1      | Reached skill level 1 in Armour
   647 | D:2      | Reached XP level 4. HP: 36/36 MP: 3/3
   839 | D:2      | Noticed a moth of wrath
   841 | D:2      | Found a bloodstained altar of Trog.
   941 | D:2      | Found an ornate altar of the Wu Jian Council.
   966 | D:2      | Found a runed door.
   973 | D:2      | Noticed Crazy Yiuf
   980 | D:2      | Mangled by Crazy Yiuf

Skill      XL: |  1  2  3 |
---------------+----------+-----
Dodging        | 3 |  3.3
Unarmed Combat | 4 |  4.5
Armour         | 1 |  1.1
Fighting       | |  2.4
Throwing       | |  1.7
Stealth        | |  0.4

Action                   |  1- 3 |  4- 6 || total
-------------------------+-------+-------++-------
Melee: Unarmed           |    97 |    56 ||   153
       Punch             |     1 |       ||     1
  Use: Scroll            |       |     2 ||     2
       Potion            |       |     1 ||     1
  Eat: Chunk             |    13 |     7 ||    20
Armor: Leather armour    |    27 |    10 ||    37
Dodge: Dodged            |    70 |    31 ||   101
Block: Buckler           |       |     1 ||     1
